[ AOE2 MATCH · #504586210 ]
UnrankedSaracens vs Incas
Player's team · LOSS
Rival team · WIN
[ REPLAY ANALYSIS · EXTRACTED FROM THE RECORDED GAME ]
Feudal
9:23
Castle
27:14
Imperial
—
| APM avg | 70.0 |
| APM peak | 106 |
| eAPM avg | 41.6 |
| Villagers / military | 164 / 125 |
Focus
⚔️ 56.9% · 🌾 43.1%
Knight ×57 · Skirmisher ×38 · Scout Cavalry ×22 · Battering Ram ×8
Feudal
8:31
Castle
28:55
Imperial
—
| APM avg | 86.4 |
| APM peak | 134 |
| eAPM avg | 51.6 |
| Villagers / military | 94 / 92 |
Focus
⚔️ 47.3% · 🌾 52.7%
Spearman ×29 · Skirmisher ×25 · Kamayuk ×23 · Unknown (2550) ×21 · Monk ×10 · Battering Ram ×5
Match map
Initial resources + every placement click. Lines = walls · curves = elevation contours. ◆ gold · ⬟ stone · ● berries · ✦ relic · ◌ wall gap
Your base· Open — 3t gap
iamkaito's base· ✓ Closed at 28:55 · 58t walls · 1 gate(s)
Smoothed initial terrain · ◌ = detected wall gap · hover for details
Inputs per minute
— Chagas - - iamkaito
Build order — Chagas
First 150 of 423 actions detected
| 0:02 | Queue | Villager (Male) |
| 0:02 | Queue | Villager (Male) |
| 0:03 | Build | House |
| 0:04 | Queue | Villager (Male) |
| 0:04 | Queue | Villager (Male) |
| 0:05 | Build | House |
| 1:26 | Queue | Villager (Male) |
| 1:52 | Build | Lumber Camp |
| 2:02 | Queue | Villager (Male) |
| 2:02 | Queue | Villager (Male) |
| 2:20 | Queue | Villager (Male) |
| 2:20 | Queue | Villager (Male) |
| 2:48 | Queue | Villager (Male) |
| 2:48 | Queue | Villager (Male) |
| 3:06 | Queue | Villager (Male) |
| 3:07 | Queue | Villager (Male) |
| 3:33 | Queue | Villager (Male) |
| 4:11 | Build | House |
| 4:18 | Queue | Villager (Male) |
| 4:19 | Queue | Villager (Male) |
| 4:19 | Queue | Villager (Male) |
| 4:54 | Build | Mill |
| 5:07 | Queue | Villager (Male) |
| 5:07 | Queue | Villager (Male) |
| 5:10 | Queue | Villager (Male) |
| 5:10 | Queue | Villager (Male) |
| 5:21 | Queue | Villager (Male) |
| 5:21 | Queue | Villager (Male) |
| 5:52 | Queue | Villager (Male) |
| 5:52 | Queue | Villager (Male) |
| 6:14 | Queue | Villager (Male) |
| 6:15 | Queue | Villager (Male) |
| 6:21 | Queue | Villager (Male) |
| 6:31 | Research | Loom |
| 6:31 | Research | Loom |
| 6:54 | Build | House |
| 6:55 | Build | Palisade Wall |
| 7:03 | Build | Lumber Camp |
| 7:13 | Research | Feudal Age |
| 7:13 | Research | Feudal Age |
| 7:30 | Build | Palisade Wall |
| 7:48 | Build | Palisade Wall |
| 7:49 | Build | Palisade Wall |
| 7:50 | Build | Palisade Wall |
| 8:09 | Build | Palisade Wall |
| 8:13 | Build | Barracks |
| 8:14 | Build | Palisade Wall |
| 8:19 | Queue | Villager (Male) |
| 8:48 | Queue | Villager (Male) |
| 9:12 | Queue | Villager (Male) |
| 9:23 | Age | Feudal Age |
| 9:26 | Queue | Villager (Male) |
| 9:28 | Build | Stable |
| 9:29 | Build | House |
| 9:33 | Build | Palisade Wall |
| 9:34 | Build | Palisade Wall |
| 9:35 | Build | Palisade Wall |
| 9:35 | Build | Palisade Wall |
| 9:47 | Research | Double-Bit Axe |
| 9:50 | Research | Horse Collar |
| 9:50 | Research | Horse Collar |
| 9:53 | Queue | Villager (Male) |
| 10:11 | Queue | Scout Cavalry |
| 10:11 | Queue | Scout Cavalry |
| 10:17 | Queue | Villager (Male) |
| 10:21 | Build | House |
| 10:50 | Queue | Scout Cavalry |
| 10:50 | Queue | Scout Cavalry |
| 10:51 | Queue | Scout Cavalry |
| 10:52 | Build | House |
| 10:56 | Build | Farm |
| 10:57 | Build | Farm |
| 11:15 | Build | Archery Range |
| 11:18 | Queue | Villager (Male) |
| 11:30 | Build | Farm |
| 11:36 | Queue | Villager (Male) |
| 11:36 | Queue | Villager (Male) |
| 12:01 | Queue | Skirmisher |
| 12:02 | Queue | Skirmisher |
| 12:02 | Queue | Skirmisher |
| 12:02 | Queue | Skirmisher |
| 12:24 | Queue | Villager (Male) |
| 12:30 | Build | Farm |
| 12:46 | Build | Farm |
| 12:47 | Queue | Skirmisher |
| 12:47 | Queue | Skirmisher |
| 12:53 | Build | Blacksmith |
| 12:57 | Queue | Villager (Male) |
| 13:20 | Build | Farm |
| 13:20 | Queue | Skirmisher |
| 13:21 | Queue | Skirmisher |
| 13:36 | Queue | Skirmisher |
| 13:41 | Queue | Villager (Male) |
| 13:53 | Queue | Villager (Male) |
| 13:53 | Queue | Villager (Male) |
| 14:02 | Queue | Skirmisher |
| 14:09 | Build | House |
| 14:17 | Build | House |
| 14:36 | Queue | Villager (Male) |
| 14:36 | Queue | Villager (Male) |
| 15:04 | Build | Farm |
| 15:06 | Build | Farm |
| 15:08 | Build | Farm |
| 15:10 | Build | Farm |
| 15:12 | Build | Farm |
| 15:15 | Build | Farm |
| 15:19 | Queue | Skirmisher |
| 15:23 | Build | Farm |
| 15:30 | Build | House |
| 15:40 | Queue | Villager (Male) |
| 15:40 | Queue | Villager (Male) |
| 15:45 | Queue | Skirmisher |
| 15:45 | Queue | Skirmisher |
| 15:57 | Build | Farm |
| 16:03 | Queue | Skirmisher |
| 16:03 | Queue | Skirmisher |
| 16:10 | Queue | Villager (Male) |
| 16:13 | Build | Farm |
| 16:21 | Queue | Skirmisher |
| 16:32 | Build | Mining Camp |
| 16:33 | Queue | Villager (Male) |
| 16:41 | Queue | Skirmisher |
| 16:51 | Queue | Villager (Male) |
| 16:54 | Build | Farm |
| 17:06 | Queue | Villager (Male) |
| 17:24 | Queue | Villager (Male) |
| 17:36 | Queue | Villager (Male) |
| 17:37 | Queue | Skirmisher |
| 17:38 | Queue | Skirmisher |
| 17:44 | Queue | Scout Cavalry |
| 17:44 | Queue | Scout Cavalry |
| 17:51 | Queue | Villager (Male) |
| 17:56 | Build | House |
| 18:08 | Queue | Villager (Male) |
| 18:10 | Queue | Skirmisher |
| 18:25 | Queue | Villager (Male) |
| 18:26 | Queue | Skirmisher |
| 18:26 | Queue | Skirmisher |
| 18:32 | Queue | Skirmisher |
| 18:32 | Queue | Skirmisher |
| 18:42 | Queue | Villager (Male) |
| 18:42 | Queue | Villager (Male) |
| 18:42 | Queue | Villager (Male) |
| 19:17 | Queue | Villager (Male) |
| 19:17 | Queue | Villager (Male) |
| 19:21 | Queue | Villager (Male) |
| 19:22 | Queue | Villager (Male) |
| 19:22 | Queue | Villager (Male) |
| 19:33 | Queue | Scout Cavalry |
| 19:34 | Queue | Scout Cavalry |
Build order — iamkaito
First 150 of 354 actions detected
| 0:01 | Queue | Villager (Male) |
| 0:01 | Queue | Villager (Male) |
| 0:02 | Build | House |
| 0:02 | Queue | Villager (Male) |
| 0:03 | Queue | Villager (Male) |
| 0:04 | Build | House |
| 1:31 | Queue | Villager (Male) |
| 1:31 | Queue | Villager (Male) |
| 1:49 | Build | Settlement |
| 1:59 | Queue | Villager (Male) |
| 2:35 | Queue | Villager (Male) |
| 2:54 | Queue | Villager (Male) |
| 2:54 | Queue | Villager (Male) |
| 3:30 | Queue | Villager (Male) |
| 4:08 | Queue | Villager (Male) |
| 4:09 | Queue | Villager (Male) |
| 4:55 | Queue | Villager (Male) |
| 5:31 | Queue | Villager (Male) |
| 5:47 | Research | Loom |
| 6:18 | Research | Feudal Age |
| 8:07 | Build | Barracks |
| 8:10 | Build | Settlement |
| 8:14 | Queue | Villager (Male) |
| 8:31 | Age | Feudal Age |
| 8:42 | Queue | Villager (Male) |
| 8:51 | Build | Archery Range |
| 8:56 | Queue | Spearman |
| 9:01 | Queue | Villager (Male) |
| 9:07 | Queue | Villager (Male) |
| 9:31 | Queue | Skirmisher |
| 9:32 | Queue | Skirmisher |
| 9:43 | Queue | Spearman |
| 9:45 | Queue | Villager (Male) |
| 9:45 | Queue | Villager (Male) |
| 9:46 | Queue | Villager (Male) |
| 9:58 | Build | Watch Tower |
| 9:59 | Queue | Skirmisher |
| 9:59 | Queue | Skirmisher |
| 10:14 | Queue | Villager (Male) |
| 10:14 | Queue | Villager (Male) |
| 10:23 | Queue | Spearman |
| 10:33 | Research | Double-Bit Axe |
| 10:42 | Queue | Villager (Male) |
| 10:49 | Build | Palisade Wall |
| 10:52 | Build | Palisade Wall |
| 10:55 | Queue | Villager (Male) |
| 11:01 | Queue | Skirmisher |
| 11:02 | Queue | Skirmisher |
| 11:06 | Queue | Villager (Male) |
| 11:22 | Build | House |
| 11:25 | Build | House |
| 11:34 | Build | Farm |
| 11:36 | Build | Farm |
| 11:37 | Build | Farm |
| 11:41 | Queue | Villager (Male) |
| 11:50 | Build | House |
| 11:52 | Build | Palisade Wall |
| 11:52 | Build | Palisade Wall |
| 11:52 | Build | Palisade Wall |
| 11:53 | Build | Palisade Wall |
| 11:54 | Queue | Skirmisher |
| 11:55 | Queue | Skirmisher |
| 12:12 | Queue | Villager (Male) |
| 12:19 | Build | Farm |
| 12:45 | Queue | Skirmisher |
| 12:48 | Build | Farm |
| 12:49 | Build | House |
| 12:53 | Build | Palisade Wall |
| 12:57 | Build | Palisade Wall |
| 12:59 | Build | Palisade Wall |
| 13:04 | Build | Palisade Wall |
| 13:05 | Build | Palisade Wall |
| 13:17 | Queue | Skirmisher |
| 13:24 | Build | House |
| 13:25 | Queue | Villager (Male) |
| 13:53 | Queue | Villager (Male) |
| 14:09 | Build | Blacksmith |
| 14:34 | Queue | Villager (Male) |
| 14:34 | Queue | Villager (Male) |
| 14:46 | Build | Palisade Wall |
| 14:50 | Build | Farm |
| 14:50 | Build | Farm |
| 14:51 | Build | Farm |
| 14:54 | Build | House |
| 14:57 | Queue | Skirmisher |
| 14:57 | Queue | Skirmisher |
| 15:01 | Queue | Skirmisher |
| 15:22 | Queue | Skirmisher |
| 15:35 | Build | Settlement |
| 15:35 | Queue | Villager (Male) |
| 15:36 | Queue | Villager (Male) |
| 15:52 | Queue | Villager (Male) |
| 15:52 | Queue | Villager (Male) |
| 15:54 | Queue | Skirmisher |
| 15:57 | Build | Farm |
| 16:04 | Build | Farm |
| 16:12 | Queue | Skirmisher |
| 16:21 | Queue | Villager (Male) |
| 16:30 | Queue | Skirmisher |
| 16:33 | Build | Outpost |
| 16:43 | Queue | Villager (Male) |
| 16:46 | Build | Farm |
| 16:53 | Queue | Villager (Male) |
| 16:59 | Build | Farm |
| 17:03 | Build | House |
| 17:08 | Queue | Skirmisher |
| 17:09 | Queue | Skirmisher |
| 17:29 | Queue | Villager (Male) |
| 17:29 | Queue | Villager (Male) |
| 17:41 | Queue | Spearman |
| 17:44 | Build | Outpost |
| 17:46 | Queue | Villager (Male) |
| 18:02 | Build | Barracks |
| 18:03 | Queue | Unit 2550 |
| 18:03 | Queue | Unit 2550 |
| 18:16 | Queue | Skirmisher |
| 18:16 | Queue | Skirmisher |
| 18:20 | Queue | Spearman |
| 18:20 | Queue | Spearman |
| 18:24 | Build | Palisade Wall |
| 18:58 | Queue | Villager (Male) |
| 18:59 | Queue | Villager (Male) |
| 19:08 | Build | Farm |
| 19:09 | Build | Farm |
| 19:23 | Queue | Unit 2550 |
| 19:23 | Queue | Unit 2550 |
| 19:44 | Queue | Villager (Male) |
| 19:44 | Queue | Villager (Male) |
| 19:50 | Build | Farm |
| 19:50 | Build | Farm |
| 19:50 | Build | Farm |
| 19:50 | Build | Farm |
| 19:51 | Build | Farm |
| 19:51 | Build | Farm |
| 20:13 | Queue | Villager (Male) |
| 20:25 | Build | Watch Tower |
| 20:37 | Queue | Spearman |
| 20:37 | Queue | Spearman |
| 20:39 | Queue | Villager (Male) |
| 20:42 | Build | Farm |
| 21:06 | Queue | Villager (Male) |
| 21:12 | Queue | Villager (Male) |
| 21:24 | Queue | Villager (Male) |
| 21:27 | Research | Scale Mail Armor |
| 21:32 | Queue | Villager (Male) |
| 21:34 | Build | Settlement |
| 21:36 | Queue | Villager (Male) |
| 21:48 | Queue | Spearman |
| 21:48 | Queue | Spearman |
| 21:53 | Queue | Villager (Male) |
Match timeline
| 6:55 | Chagas · wall_segment Palisade Wall x1 |
| 7:30 | Chagas · wall_segment Palisade Wall x3 |
| 7:48 | Chagas · wall_segment Palisade Wall x1 |
| 7:49 | Chagas · wall_segment Palisade Wall x1 |
| 7:50 | Chagas · wall_segment Palisade Wall x1 |
| 8:07 | iamkaito · first_building Barracks |
| 8:09 | Chagas · wall_segment Palisade Wall x1 |
| 8:13 | Chagas · first_building Barracks |
| 8:14 | Chagas · wall_segment Palisade Wall x1 |
| 8:31 | iamkaito · age_up feudal |
| 8:51 | iamkaito · first_building Archery Range |
| 9:23 | Chagas · age_up feudal |
| 9:28 | Chagas · first_building Stable |
| 9:33 | Chagas · wall_segment Palisade Wall x1 |
| 9:34 | Chagas · wall_segment Palisade Wall x1 |
| 9:35 | Chagas · wall_segment Palisade Wall x1 |
| 9:35 | Chagas · wall_segment Palisade Wall x1 |
| 10:49 | iamkaito · wall_segment Palisade Wall x1 |
| 10:52 | iamkaito · wall_segment Palisade Wall x4 |
| 11:15 | Chagas · first_building Archery Range |
| 11:52 | iamkaito · wall_segment Palisade Wall x1 |
| 11:52 | iamkaito · wall_segment Palisade Wall x1 |
| 11:52 | iamkaito · wall_segment Palisade Wall x1 |
| 11:53 | iamkaito · wall_segment Palisade Wall x1 |
| 12:53 | iamkaito · wall_segment Palisade Wall x1 |
| 12:57 | iamkaito · wall_segment Palisade Wall x1 |
| 12:59 | iamkaito · wall_segment Palisade Wall x1 |
| 13:04 | iamkaito · wall_segment Palisade Wall x1 |
| 13:05 | iamkaito · wall_segment Palisade Wall x1 |
| 14:46 | iamkaito · wall_segment Palisade Wall x1 |
| 18:24 | iamkaito · wall_segment Palisade Wall x1 |
| 22:28 | iamkaito · wall_segment Palisade Wall x4 |
| 22:32 | iamkaito · wall_segment Palisade Wall x4 |
| 24:14 | iamkaito · wall_segment Palisade Wall x4 |
| 24:25 | iamkaito · wall_segment Palisade Wall x2 |
| 24:58 | iamkaito · wall_segment Palisade Wall x1 |
| 25:50 | iamkaito · wall_segment Palisade Wall x7 |
| 25:51 | Chagas · wall_segment Stone Wall x1 |
| 26:09 | iamkaito · first_market_buy 100 food |
| 26:10 | Chagas · first_market_buy 100 stone |
| 26:47 | iamkaito · wall_segment Palisade Wall x2 |
| 26:48 | iamkaito · wall_segment Palisade Wall x3 |
| 26:51 | Chagas · wall_segment Stone Wall x1 |
| 26:52 | Chagas · wall_segment Stone Wall x1 |
| 27:14 | Chagas · age_up castle |
| 28:02 | Chagas · first_market_sell 500 stone |
| 28:14 | iamkaito · wall_segment Palisade Wall x11 |
| 28:15 | iamkaito · wall_segment Palisade Wall x7 |
| 28:21 | iamkaito · wall_segment Palisade Wall x1 |
| 28:55 | iamkaito · age_up castle |
| 29:13 | iamkaito · first_market_sell 100 wood |
| 30:33 | iamkaito · first_building Monastery |
| 30:36 | Chagas · first_building Monastery |
| 31:20 | iamkaito · wall_segment Palisade Wall x1 |
| 34:08 | iamkaito · first_building Castle |
| 34:50 | iamkaito · wall_segment Stone Wall x1 |
| 34:51 | iamkaito · wall_segment Stone Wall x1 |
| 35:59 | iamkaito · first_building Siege Workshop |
| 36:50 | iamkaito · wall_segment Palisade Wall x1 |
| 36:52 | iamkaito · wall_segment Palisade Wall x1 |
| 37:22 | iamkaito · wall_segment Palisade Wall x1 |
| 37:38 | Chagas · first_building Siege Workshop |
| 37:57 | iamkaito · wall_segment Stone Wall x1 |
| 38:03 | iamkaito · wall_segment Stone Wall x1 |
| 38:08 | iamkaito · wall_segment Stone Wall x1 |
| 39:29 | Chagas · first_building Castle |
| 41:07 | Chagas · resign |
[ AI ANALYSIS · 1 CREDIT ]
What really happened in this match?
Wolo.gg analyzes every decision: build order, eco, micro, common mistakes by bracket. Personalized analysis on WhatsApp or Discord in 30 seconds.
Civ guide
Saracens
Perfil
Jugador #25079803